 Dungeon Crawl Stone Soup version 0.28-b1-1-g3c77fb2ed1 (webtiles) character file.

Game seed: 8968946397395166362

0 Akaron the Conjurer (level 1, -2/11 HPs)
             Began as an Octopode Conjurer on Jan 30, 2022.
             Slain by a quokka (4 damage)
             ... on level 1 of the Dungeon.
             The game lasted 00:00:26 (132 turns).

Akaron the Conjurer (Octopode Conjurer)              Turns: 132, Time: 00:00:27

Health: -2/11      AC:  1    Str:  6    XL:     1   Next: 10%
Magic:  0/3        EV: 13    Int: 20    God:
Gold:   1          SH:  0    Dex: 10    Spells: 3/4 levels left

rFire   . . .      SeeInvis .   (no weapon)
rCold   . . .      Faith    .   (no shield)
rNeg    . . .      Spirit   .   (helmet restricted)
rPois   .          Reflect  .   (no amulet)
rElec   .          Harm     .   (no ring)
rCorr   .          Rampage  .   (no ring)
Will    .....                   (no ring)
Stlth   +++.......              (no ring)
HPRegen 0.03/turn               (no ring)
MPRegen 0.08/turn               (no ring)
                                (no ring)
                                (no ring)

@: no status effects
A: almost no armour, amphibious, 8 rings, camouflage 1, gelatinous body 1,
(nimble swimmer 1), tentacles
a: no special abilities


You were on level 1 of the Dungeon.
You visited 1 branch of the dungeon, and saw 1 of its levels.

You collected 1 gold pieces.

You aren't carrying anything.


   Skills:
 + Level 2.0 Dodging
 + Level 2.6 Stealth
 + Level 2.0 Spellcasting
 + Level 4.0 Conjurations


You had 3 spell levels left.
You knew the following spells:

 Your Spells              Type           Power      Damage    Failure   Level
a - Magic Dart            Conj           72%        1d6       3%          1

Your spell library contained the following spells:

 Spells                   Type           Power      Damage    Failure   Level
 Searing Ray              Conj           36%        2d5       4%          2
 Dazzling Flash           Conj/Hex       20%        N/A       21%         3
 Fulminant Prism          Conj/Hex       5%         3d7       56%         4
 Iskenderun's Mystic Bla  Conj/Tloc      10%        2d4       56%         4


Dungeon Overview and Level Annotations

Branches:
Dungeon (1/15)

Altars:

Shops:
D:1 (


Innate Abilities, Weirdness & Mutations

You cannot wear most types of armour.
You are amphibious.
You can wear up to eight rings at the same time.
Your skin changes colour to match your surroundings (Stealth+).
Your rubbery body absorbs attacks. (AC +1, EV +1)
((You are camouflaged when in or above water. (Stealth+)))
You have tentacles for arms and can constrict up to eight enemies at once.


Message History

The magic dart hits the ball python.
You kill the ball python!
Your magical contamination has completely faded away.
Magic restored.
You see here a ball python corpse.
Found 10 stones.
You see here 10 stones.
A quokka comes into view.
A quokka is nearby!
The magic dart hits the quokka but does no damage.
The magic dart hits the quokka but does no damage.
The magic dart hits the quokka.
The quokka is moderately wounded.
You are too depleted to draw on your mana recklessly!
You closely miss the quokka. Your grab misses the quokka.
You squeeze the quokka.
The quokka is severely wounded.
The quokka bites you.
You closely miss the quokka. You grab the quokka.
Your squeeze misses the quokka.
The quokka is severely wounded.
You constrict the quokka, but do no damage.
The quokka bites you.
You barely miss the quokka.
The quokka is severely wounded.
You constrict the quokka, but do no damage.
The quokka misses you.
The quokka twitches its whiskers.
The quokka bites you.
* * * LOW HITPOINT WARNING * * *
You barely miss the quokka.
The quokka is severely wounded.
You constrict the quokka, but do no damage.
The quokka twitches its whiskers.
The quokka closely misses you.
You tentacle-slap the quokka but do no damage.
The quokka is severely wounded.
You constrict the quokka, but do no damage.
The quokka bites you.
You die...

..>..............#
##.###..#####..### ##.#
#..#......# ##.#
#..#.####.# ##.# #..#.#
#.# .#.###..#.# #.#
##......#.# #.#
#######.#.####.######..#
...# #.#.....(.@r.....#
##†####.##############..
#......# ########


You could see a quokka.

Vanquished Creatures
  A ball python (D:1)
1 creature vanquished.

Notes
Turn   | Place    | Note
-------+----------+-------------------------------------------
     0 | D:1      | Akaron the Octopode Conjurer began the quest for the Orb.
     0 | D:1      | Reached XP level 1. HP: 11/11 MP: 3/3
    32 | D:1      | Found Haariby's Weapon Boutique.
   132 | D:1      | Slain by a quokka

Illustrated notes

Levels and vault maps discovered:
D:1:      giann_wishing_wells, layout_basic, serial_shops, shop,
          minmay_hedge_maze, minmay_heptomino_d4

Action                   || total
-------------------------++-------
Melee: Unarmed           ||     5
       Constrict         ||     1
       Tentacles         ||     1
 Cast: Magic Dart        ||     5
Dodge: Dodged            ||     2
